 Dungeon Crawl Stone Soup version 0.27-a0-1555-g0e7b3fb1d2 (webtiles) character file.

Game seed: 18418524266910474187

352 MacCMillion the Chiller (level 6, 0/44 HPs)
             Began as a Merfolk Ice Elementalist on July 15, 2021.
             Was a Believer of Okawaru.
             Blown up by Pikel (11 damage)
             ... with a mindburst bolt
             ... on level 3 of the Dungeon.
             The game lasted 00:23:27 (5484 turns).

MacCMillion the Chiller (Merfolk Ice Elementalist)  Turns: 5484, Time: 00:23:28

Health: 0/44       AC:  2    Str: 16    XL:     6   Next: 61%
Magic:  0/9        EV: 13    Int: 15    God:    Okawaru [**....]
Gold:   210        SH:  0    Dex: 14    Spells: 2/9 levels left

rFire    x . .     SeeInvis .   b - +3 dagger
rCold    + . .     Faith    .   (no shield)
rNeg     . . .     Spirit   .   a - +0 robe
rPois    .         Reflect  .   (no helmet)
rElec    .         Harm     .   (no cloak)
rCorr    .         Rampage  .   (no gloves)
Will     .....                  (no boots)
Stlth    +++.......             (no amulet)
HPRegen  0.14/turn              i - +6 ring of strength
MPRegen  0.11/turn              o - ring of ice

@: no status effects
A: (nimble swimmer 2), mertail
a: Renounce Religion, Heroism


You were on level 3 of the Dungeon.
You worshipped Okawaru.
Okawaru was pleased with you.
You visited 1 branch of the dungeon, and saw 4 of its levels.

You collected 210 gold pieces.

Inventory:

Hand Weapons
 b - a +3 dagger (weapon)
Armour
 a - a +0 robe (worn)
 f - a +0 ring mail
Jewellery
 i - a +6 ring of strength (left hand)
 j - a ring of positive energy
 o - a ring of ice (right hand)
Scrolls
 c - 4 scrolls of identify {unknown}
 d - a scroll of teleportation {unknown}
 e - 2 scrolls of immolation {unknown}
 g - 3 scrolls of noise {unknown}
 l - a scroll of magic mapping {unknown}
 n - a scroll of silence {unknown}
Potions
 h - a potion of curing
 k - a potion of haste {unknown}
 m - a potion of mutation {unknown}


   Skills:
 + Level 1.6 Fighting
 + Level 3.6 Dodging
 - Level 4.0 Stealth
 - Level 2.0 Spellcasting
 + Level 7.3 Ice Magic


You had 2 spell levels left.
You knew the following spells:

 Your Spells              Type           Power      Damage    Failure   Level
a - Freeze                Ice            100%       1d11      1%          1
b - Frozen Ramparts       Ice            70%        1d9       3%          3
c - Ozocubu's Armour      Ice            35%        N/A       3%          3

Your spell library contained the following spells:

 Spells                   Type           Power      Damage    Failure   Level
 Hailstorm                Conj/Ice       18%        3d6       45%         4


Dungeon Overview and Level Annotations

Branches:
Dungeon (4/15)             Temple (0/1) D:4

Altars:
Okawaru
Vehumet

Annotations:
D:3 1 runed translucent door, Pikel; cccccccc's ghost, amateur FoFi


Innate Abilities, Weirdness & Mutations

((You are quick and stealthy near water. (Stealth+, EV+, Speed+++)))
Your lower body shifts to a powerful aquatic tail in water.


Message History

Unknown command.
You are too injured to fight recklessly!
Aiming: Freeze (safe; 1% risk of failure)
Press: ? - help, Q - select action, (/) - cycle Shift-Dir - straight line, f - Pikel
Aim: Pikel, wielding a +2 whip of freezing, wearing a +0 robe and carrying a wand of mindburst (3) (lightly wounded)
You feel a surge of power!
You freeze Pikel.
Pikel is lightly wounded.
Pikel zaps a wand.
Your mind is blasted!
* * * LOW HITPOINT WARNING * * *
Aiming: Freeze (safe; 1% risk of failure)
Press: ? - help, Q - select action, (/) - cycle Shift-Dir - straight line, f/p - Pikel
Aim: Pikel, wielding a +2 whip of freezing, wearing a +0 robe and carrying a wand of mindburst (2) (lightly wounded)
You feel a surge of power!
You freeze Pikel!
Pikel is moderately wounded.
Pikel misses you.
Unknown command.
It was a potion of curing.
You feel better. Pikel barely misses you.
Unknown command.
Aiming: Freeze (safe; 1% risk of failure)
Press: ? - help, Q - select action, (/) - cycle Shift-Dir - straight line, f/p - Pikel
Aim: Pikel, wielding a +2 whip of freezing, wearing a +0 robe and carrying a wand of mindburst (2) (moderately wounded)
You feel a surge of power!
You freeze Pikel.
Pikel is heavily wounded.
Pikel hits you with a +2 whip of freezing.
* * * LOW HITPOINT WARNING * * *
Unknown command.
Unknown command.
You feel better.
Pikel hits you with a +2 whip of freezing.
* * * LOW HITPOINT WARNING * * *
Pikel freezes you.
* * * LOW HITPOINT WARNING * * *
Aiming: Freeze (safe; 1% risk of failure)
Press: ? - help, Q - select action, (/) - cycle Shift-Dir - straight line, f/p - Pikel
Aim: Pikel, wielding a +2 whip of freezing, wearing a +0 robe and carrying a wand of mindburst (2) (heavily wounded)
You feel a surge of power!
You freeze Pikel.
Pikel is heavily wounded.
Pikel closely misses you.
Pikel zaps a wand.
Your mind is blasted!
You die...

#.# ######'######
#...........#
#.........#.######
#.........#.......
#.........########
#.........#######.
###...............#.
#..@................
#K######.......##.#.
#.############.##.#.
#>......<...........
#)[.>......#.#.##.#.
#.#..........#.##.#.
#.#.##########.##.#.
#.#............##.#.
######.#...###########.#.


You could see Pikel.

Vanquished Creatures
  Sigmund (D:2)
  4 lemures (D:4)
  A bullfrog skeleton (D:4)
  A gnoll shaman (D:3)
  A howler monkey skeleton (D:4)
  3 gnolls
  3 adders
  An ufetubus (D:4)
  An adder skeleton (D:4)
  A dart slug (D:4)
  7 endoplasms
  2 giant cockroaches (D:4)
  8 goblins
  9 hobgoblins
  3 jackals (D:1)
  6 kobolds
  3 quokkas (D:1)
  5 ball pythons
  2 bats (D:2)
  5 frilled lizards
  3 rats
70 creatures vanquished.

Notes
Turn   | Place    | Note
-------+----------+-------------------------------------------
     0 | D:1      | MacCMillion the Merfolk Ice Elementalist began the quest
                  | for the Orb.
     0 | D:1      | Reached XP level 1. HP: 13/13 MP: 3/3
   435 | D:1      | Reached XP level 2. HP: 19/19 MP: 3/5
   512 | D:1      | Reached skill level 5 in Ice Magic
   878 | D:1      | Reached XP level 3. HP: 21/24 MP: 3/6
   882 | D:1      | Learned a level 3 spell: Frozen Ramparts
  1012 | D:1      | Found a faded altar of an unknown god.
  1172 | D:1      | Became a worshipper of Warmaster Okawaru
  1172 | D:1      | Reached * piety under Okawaru
  1906 | D:3      | Found a runed translucent door.
  1911 | D:3      | Noticed cccccccc's ghost (amateur FoFi)
  2650 | D:2      | Reached XP level 4. HP: 30/30 MP: 5/7
  2653 | D:2      | Reached skill level 6 in Ice Magic
  2734 | D:2      | Noticed Sigmund
  3030 | D:4      | Found a staircase to the Ecumenical Temple.
  3302 | D:4      | Reached XP level 5. HP: 29/35 MP: 8/8
  3758 | D:4      | Learned a level 3 spell: Ozocubu's Armour
  3812 | D:4      | Found a radiant altar of Vehumet.
  4040 | D:4      | Noticed a lemure
  4298 | D:2      | Killed Sigmund
  4298 | D:2      | Reached ** piety under Okawaru
  4299 | D:2      | Reached skill level 7 in Ice Magic
  4299 | D:2      | Reached skill level 1 in Fighting
  4299 | D:2      | Reached XP level 6. HP: 13/44 MP: 5/9
  5221 | D:4      | Noticed Pikel
  5484 | D:3      | Blown up by Pikel

Illustrated notes

Levels and vault maps discovered:
D:1:      eino_arrival_cavern_d, layout_rooms,
          hellmonk_ecumenical_altar_pennies_from_heaven
D:2:      layout_basic, uniq_sigmund
D:3:      layout_basic, ebering_ghost_sewer_d
D:4:      minmay_razor_zed, layout_cave_pools, mainiacjoe_overflow_paths,
          temple_statues, uniq_pikel

Skill      XL: |  1  2  3  4  5 |
---------------+----------------+-----
Ice Magic      | 5 6 7 |  7.3
Stealth        | 3 4 |  4.0
Fighting       | 1 |  1.6
Dodging        | 3 |  3.6
Spellcasting   | |  2.0

Action                   |  1- 3 |  4- 6 || total
-------------------------+-------+-------++-------
Melee: Dagger            |    49 |    55 ||   104
 Cast: Freeze            |    38 |    31 ||    69
       Frozen Ramparts   |       |     5 ||     5
       Ozocubu's Armour  |       |     1 ||     1
  Use: Potion            |       |     2 ||     2
 Stab: Sleeping          |     4 |     3 ||     7
Armor: Robe              |     8 |    23 ||    31
Dodge: Dodged            |    20 |    59 ||    79

Table legend: (Time is in decaauts)
 A = Elapsed time spent in this place.
 B = Non-inter-level travel time spent in this place.
 C = Inter-level travel time spent in this place.
 D = Time resting spent in this place.
 E = Time spent auto-exploring this place.
 F = Levels seen in this place.
 G = Mean time per level.
                   A        B        C        D        E       F      G
               +--------+--------+--------+--------+--------+-----+--------+
         Total |   5485 |   5256 |    229 |   1792 |   2475 |   4 | 1371.2 |
       Dungeon |   5485 |   5256 |    229 |   1792 |   2475 |   4 | 1371.2 |
               +--------+--------+--------+--------+--------+-----+--------+

Top non-repeatable levels by time:
     D:2: 1733 daAuts
     D:1: 1568 daAuts
     D:3: 1329 daAuts
     D:4: 854 daAuts
